 Dungeon Crawl Stone Soup version 0.31.0-9-g3a7656b989 (webtiles) character file.

Game seed: 13254075026610333326

162 qw the Ducker (level 5, 0/26 HPs)
             Began as a Spriggan Hunter on Feb 2, 2024.
             Slain by a goblin
             ... wielding a +0 dagger
             ... led by Robin
              (1 damage)
             ... on level 2 of the Dungeon.
             The game lasted 00:00:05 (1134 turns).

qw the Ducker (Spriggan Hunter)                     Turns: 1134, Time: 00:00:06

Health: 0/26       AC:  2    Str:  7    XL:     5   Next: 19%
Magic:  6/6        EV: 21    Int: 10    God:
Gold:   64         SH:  0    Dex: 21    Spells: 4/4 levels left

rFire   . . .        a - +0 shortbow
rCold   . . .        (shield currently unavailable)
rNeg    . . .        c - +0 robe
rPois   .            (helmet restricted)
rElec   .            (no cloak)
rCorr   .            (gloves unavailable)
SInv    +            (boots unavailable)
Will    .....        (no amulet)
Stlth   ++           (no ring)
HPRegen 0.24/turn    (no ring)
MPRegen 0.10/turn

%: no passive effects
@: very quick
A: very small, no large weapons, unfitting armour, see invisible, speed 3
a: no special abilities


You were on level 2 of the Dungeon.
You visited 1 branch of the dungeon, and saw 2 of its levels.

You collected 64 gold pieces.


Innate Abilities, Weirdness & Mutations

You are very small and have problems with some larger weapons.
You are too small for most types of armour.
You have supernaturally acute eyesight. (SInv)
You cover ground extremely quickly. (Speed+++)


   Skills:
 + Level 2.1 Fighting
 - Level 5.1 Ranged Weapons
 - Level 5.4 Dodging
 - Level 1.5 Stealth


You had 4 spell levels left.
You didn't know any spells.
Your spell library was empty.

Inventory:

Hand Weapons
 a - a +0 shortbow (weapon)
Armour
 c - a +0 robe (worn)
Scrolls
 b - a scroll of immolation {unknown}
 i - a scroll of fog {unknown}
 j - a scroll of fear {unknown}
Potions
 d - a potion of degeneration {unknown}
 e - a potion of curing
 f - a potion of mutation {unknown}
 g - a potion of berserk rage {unknown}
 h - a potion of haste {unknown}

Dungeon Overview and Level Annotations

Branches:
Dungeon (2/15)

Altars:


Message History

The hobgoblin no longer looks unusually strong.
The goblin no longer looks unusually strong.
The hobgoblin barely misses you. The goblin misses you.
The goblin hits you but does no damage. The goblin completely misses you.
Robin barely misses you. The hobgoblin completely misses you.
The goblin hits you with a +0 dagger. x2; The goblin completely misses you.
Robin roars a battlecry!
The goblins go into a battle-frenzy!
You shoot an arrow. The arrow barely misses Robin.
The hobgoblin closely misses you. The goblin closely misses you.
The goblin misses you. x2; Robin hits you with a +0 club.
You shoot an arrow.
The arrow hits Robin but does no damage.
Robin is almost dead.
The goblin no longer looks unusually strong.
The hobgoblin misses you. The goblin barely misses you.
The goblin completely misses you. The goblin barely misses you.
Robin closely misses you.
You shoot an arrow.
The arrow hits Robin but does no damage.
Robin is almost dead.
Robin closely misses you. The hobgoblin misses you.
The goblin completely misses you. The goblin hits you with a +0 dagger.
The goblin barely misses you.
You shoot an arrow. The arrow hits Robin!
You kill Robin!
The hobgoblin closely misses you. The goblin closely misses you.
The goblin completely misses you. The goblin barely misses you.
Your Fighting skill increases to level 2!
You shoot an arrow. The arrow hits the hobgoblin.
The hobgoblin is lightly wounded.
The hobgoblin hits you. The goblin completely misses you.
The goblin closely misses you. x2; The hobgoblin misses you.
You shoot an arrow. The arrow closely misses the hobgoblin.
The hobgoblin misses you. The goblin barely misses you.
The goblin closely misses you. The goblin hits you with a +0 dagger.
The hobgoblin closely misses you. The goblin barely misses you.
The hobgoblin hits you. The goblin misses you.
The goblin hits you with a +0 dagger.
You die...

#......##.# #.# #.# #......##.#
#.#< #)# #......##.# #.#. #%#
'.........# #.#. #.# #.........#
#.#. #.# #.........# #.#< #.#
#.........# #.#.######.#.#
#.........# #.#ggg.....#.#
######....# #.#g@# #.# # #....#
#.#g.# #.######## #### #....#
#.#..# #......... ...# #....#
#.#..# ########## #..# #....#
#.#).# ######## #..# ####.#
#.#..# #......# #..# #.# #.#..##
#......#
#..######.###.#...#####......####
#............................>...


You could see 2 hobgoblins and 3 goblins.

Vanquished Creatures
  Natasha (thrice) (D:2)
  Robin (D:2)
  2 adders (D:2)
  7 ball pythons
  7 bats
  2 endoplasms (D:1)
  A giant cockroach (D:2)
  10 hobgoblins
  4 quokkas
  4 frilled lizards
  7 goblins
  4 kobolds
  6 rats
58 creatures vanquished.

Notes
Turn   | Place    | Note
-------+----------+-------------------------------------------
     0 | D:1      | qw the Spriggan Hunter began the quest for the Orb.
     0 | D:1      | Reached XP level 1. HP: 10/10 MP: 2/2
     0 | D:1      | 0 ||| qw: Version: 0.3-a-155-g5e7d8dd
     0 | D:1      | 0 ||| qw: Game counter: 1260
     0 | D:1      | 0 ||| qw: Melee chars always use a shield: true
     0 | D:1      | 0 ||| qw: God list: Okawaru
     0 | D:1      | 0 ||| qw: Allow faded altars: false
     0 | D:1      | 0 ||| qw: Do Orc after clearing Dungeon:15 true
     0 | D:1      | 0 ||| qw: Do second Lair branch before Depths: true
     0 | D:1      | 0 ||| qw: Lair rune preference: random
     0 | D:1      | 0 ||| qw: Goals: Normal
     0 | D:1      | 0 ||| PLANNING D:1-11
    22 | D:1      | Reached skill level 3 in Dodging
    59 | D:1      | Reached XP level 2. HP: 14/14 MP: 3/3
   353 | D:1      | 353 ||| DRINKING 2 coppery potions.
   354 | D:1      | 354 ||| DROPPING scroll of butterflies.
   365 | D:1      | Reached XP level 3. HP: 14/18 MP: 4/4
   442 | D:1      | 442 ||| READING scroll labelled ACOWUE ESCHAUL.
   539 | D:2      | 539 ||| FLEEEEING.
   540 | D:2      | 540 ||| FLEEEEING.
   541 | D:2      | 541 ||| FLEEEEING.
   542 | D:2      | 542 ||| FLEEEEING.
   544 | D:2      | 544 ||| FLEEEEING.
   545 | D:2      | 545 ||| FLEEEEING.
   546 | D:2      | 546 ||| FLEEEEING.
   547 | D:2      | 547 ||| FLEEEEING.
   552 | D:2      | 552 ||| FLEEEEING.
   553 | D:2      | 553 ||| FLEEEEING.
   554 | D:2      | 554 ||| FLEEEEING.
   555 | D:2      | 555 ||| FLEEEEING.
   556 | D:2      | 556 ||| FLEEEEING.
   557 | D:2      | 557 ||| FLEEEEING.
   558 | D:2      | 558 ||| FLEEEEING.
   559 | D:2      | 559 ||| FLEEEEING.
   560 | D:2      | 560 ||| FLEEEEING.
   561 | D:2      | 561 ||| FLEEEEING.
   562 | D:2      | 562 ||| FLEEEEING.
   563 | D:2      | 563 ||| FLEEEEING.
   564 | D:2      | 564 ||| FLEEEEING.
   565 | D:2      | 565 ||| FLEEEEING.
   566 | D:2      | 566 ||| FLEEEEING.
   567 | D:2      | 567 ||| FLEEEEING.
   573 | D:2      | 573 ||| FLEEEEING.
   574 | D:2      | 574 ||| FLEEEEING.
   575 | D:2      | 575 ||| FLEEEEING.
   576 | D:2      | 576 ||| FLEEEEING.
   579 | D:2      | 579 ||| FLEEEEING.
   580 | D:2      | 580 ||| FLEEEEING.
   581 | D:2      | 581 ||| FLEEEEING.
   582 | D:2      | 582 ||| FLEEEEING.
   583 | D:2      | 583 ||| FLEEEEING.
   630 | D:2      | Noticed Natasha
   635 | D:2      | Killed Natasha
   636 | D:2      | Reached XP level 4. HP: 22/22 MP: 5/5
   864 | D:2      | Noticed Natasha
   872 | D:2      | Killed Natasha
   959 | D:2      | Noticed Natasha
   962 | D:2      | Killed Natasha
  1050 | D:2      | Reached XP level 5. HP: 23/26 MP: 6/6
  1114 | D:2      | Noticed Robin
  1132 | D:2      | Killed Robin
  1133 | D:2      | HP: 6/26 [hobgoblin (1)]
  1134 | D:2      | HP: 1/26 [hobgoblin (3)]
  1134 | D:2      | Slain by a goblin

Levels and vault maps discovered:
D:1:      heliophobic_arrival_henge, layout_rooms, minmay_heptomino_h4
D:2:      minmay_chambers_of_twos, layout_basic, uniq_natasha, uniq_robin

Skill      XL: |  1  2  3  4  5 |
---------------+----------------+-----
Dodging        | 3 4 5 |  5.4
Ranged Weapons | 5 |  5.1
Fighting       | 2 |  2.1
Stealth        | |  1.5

Action                     |  1- 3 |  4- 6 || total
---------------------------+-------+-------++-------
   Fire: Shortbow          |    96 |    75 ||   171
    Use: Potion            |     1 |       ||     1
         Scroll            |     1 |       ||     1
 Armour: Robe              |    16 |    23 ||    39
  Dodge: Dodged            |    27 |    79 ||   106

Table legend:
 A = Non-vault XP
 B = Vault XP
 C = Vault XP percentage of total XP
 D = Non-vault monster count
 E = Vault monster count
 F = Vault count percentage of total count
                 A         B        C        D         E       F
            +---------+---------+-------+---------+---------+-------
      Total |     166 |      66 |  28.4 |      46 |      12 |  20.7
            +---------+---------+-------+---------+---------+-------
        D:1 |      42 |       3 |   6.7 |      26 |       3 |  10.3
        D:2 |     124 |      63 |  33.7 |      20 |       9 |  31.0
            +---------+---------+-------+---------+---------+-------
